 Dungeon Crawl Stone Soup version 0.31-a0-662-g684573625c (webtiles) character file.

Game seed: 7562153138534405734

386 cforsyth the Charlatan (level 6, 0/47 HPs)
             Began as a Gnoll Artificer on Aug 31, 2023.
             Slain by a gnoll
             ... wielding a +0 whip
              (6 damage)
             ... on level 3 of the Dungeon.
             The game lasted 00:04:08 (3312 turns).

cforsyth the Charlatan (Gnoll Artificer)            Turns: 3312, Time: 00:04:09

Health: 0/47       AC:  9    Str: 11    XL:     6   Next: 78%
Magic:  9/9        EV:  7    Int: 12    God:
Gold:   193        SH:  0    Dex: 13    Spells: 9/9 levels left

rFire   . . .        a - +2 halberd (vamp)
rCold   . . .        (shield currently unavailable)
rNeg    . . .        n - +0 chain mail
rPois   .            (no helmet)
rElec   .            (no cloak)
rCorr   .            (no gloves)
SInv    .            (no boots)
Will    .....        (no amulet) Stlth
                     (no ring)
HPRegen 0.27/turn    (no ring)
MPRegen 0.11/turn

%: no passive effects
@: no status effects
A: fangs 1, strong nose, distributed training
a: no special abilities


You were on level 3 of the Dungeon.
You visited 1 branch of the dungeon, and saw 3 of its levels.

You collected 193 gold pieces.

Inventory:

Hand Weapons
 a - a +2 vampiric halberd (weapon)
 j - a +2 dagger of holy wrath
 m - a +0 broad axe
Armour
 n - a +0 chain mail (worn)
Wands
 c - a wand of flame (6) (quivered)
 d - a wand of charming (15)
 e - a wand of iceblast (3)
Scrolls
 b - 3 scrolls of identify {unknown}
 g - 2 scrolls of teleportation {unknown}
 l - a scroll of poison {unknown}
Potions
 f - a potion of brilliance {unknown}
 h - 2 potions of attraction {unknown}
 i - 3 potions of berserk rage {unknown}
 k - a potion of mutation {unknown}


   Skills:
 + Level 3.3 Fighting
 + Level 2.1 Short Blades
 + Level 2.1 Long Blades
 + Level 2.1 Axes
 + Level 2.1 Maces & Flails
 + Level 2.1 Polearms
 + Level 2.1 Staves
 + Level 2.1 Ranged Weapons
 + Level 2.1 Throwing
 + Level 5.0 Armour
 + Level 3.3 Dodging
 + Level 3.2 Stealth
 + Level 2.1 Shields
 + Level 2.1 Unarmed Combat
 + Level 2.1 Spellcasting
 + Level 1.7 Conjurations
 + Level 1.7 Hexes
 + Level 1.7 Summonings
 + Level 1.7 Necromancy
 + Level 1.7 Translocations
 + Level 1.7 Transmutations
 + Level 1.7 Fire Magic
 + Level 1.7 Ice Magic
 + Level 1.7 Air Magic
 + Level 1.7 Earth Magic
 + Level 1.7 Poison Magic
 + Level 2.3 Invocations
 + Level 6.9 Evocations
 + Level 1.9 Shapeshifting


You had 9 spell levels left.
You didn't know any spells.
Your spell library contained the following spells:

 Spells                   Type           Power      Damage    Failure   Level
 Shock                    Conj/Air       20%        1d4       97%         1
 Swiftness                Air            5%         N/A       100%        3
 Airstrike                Air            2%         2d(1-17)  100%        4


Dungeon Overview and Level Annotations

Branches:
Dungeon (3/15)

Altars:
Nemelex Xobeh


Innate Abilities, Weirdness & Mutations

You have very sharp teeth.
Your uncanny sense of smell can sniff out nearby items.
Your experience applies equally to all skills.


Message History

The gnoll barely misses you. The gnoll hits you with a +0 whip.
The gnoll hits you from afar with a +0 halberd!
The gnoll barely misses you.
You hit the gnoll.
You feel better.
The gnoll is almost dead.
The gnoll hits you with a +0 whip.
The gnoll hits you from afar with a +0 halberd.
The gnoll hits you but does no damage. The gnoll barely misses you.
You barely miss the gnoll.
The gnoll is severely wounded.
The gnoll hits you from afar with a +0 halberd.
The gnoll hits you but does no damage. The gnoll barely misses you.
The gnoll hits you from afar with a +0 spear.
The gnoll barely misses you.
You are too injured to fight recklessly!
The gnoll attacks as it pursues you! The gnoll hits you but does no damage.
The gnoll attacks as it pursues you!
The gnoll hits you from afar with a +0 spear.
The gnoll hits you but does no damage. The gnoll attacks as it pursues you!
The gnoll closely misses you. The gnoll attacks as it pursues you!
The gnoll hits you from afar with a +0 spear.
The gnoll attacks as it pursues you!
The gnoll hits you from afar with a +0 halberd!
* * * LOW HITPOINT WARNING * * *
The gnoll attacks as it pursues you! The gnoll hits you with a +0 whip.
* * * LOW HITPOINT WARNING * * *
The gnoll attacks as it pursues you! The gnoll hits you but does no damage.
The gnoll attacks as it pursues you!
The gnoll hits you from afar with a +0 spear.
* * * LOW HITPOINT WARNING * * *
The gnoll attacks as it pursues you! The gnoll barely misses you.
The gnoll attacks as it pursues you! The gnoll closely misses you.
The gnoll attacks as it pursues you! The gnoll barely misses you.
The gnoll attacks as it pursues you!
The gnoll hits you from afar with a +0 spear.
* * * LOW HITPOINT WARNING * * *
There is a stone staircase leading up here.
The gnoll hits you with a +0 whip.
You die...

.......# #....#.........#
.......# #....# #######.#
.......###....# #.#
..............# #.#
.............## #.#
............g### #.#
............gg.# #.#
.......####+##.### #.#
.......#....##.g@######.########
.......#.#####.####.............
.......#.### ####...############
.......#...# ##..###
.......###.# ##..##
....)......###..##
......#...###....#
#####.#.#..##....#
#####......#.....# ∆


You could see 4 gnolls.

Vanquished Creatures
  Grinder (D:3)
  An orc priest (D:2)
  Terence (D:3)
  3 gnolls
  An adder (D:2)
  A white imp (D:3)
  2 dart slugs (D:1)
  6 orcs (D:2)
  9 bats
  6 endoplasms
  A giant cockroach (D:1)
  7 goblins
  11 hobgoblins
  3 jackals (D:1)
  7 kobolds
  A quokka (D:2)
  5 ball pythons
  3 frilled lizards
  A rat (D:1)
70 creatures vanquished.

Notes
Turn   | Place    | Note
-------+----------+-------------------------------------------
     0 | D:1      | cforsyth the Gnoll Artificer began the quest for the Orb.
     0 | D:1      | Reached XP level 1. HP: 17/17 MP: 1/1
    58 | D:1      | Reached XP level 2. HP: 21/23 MP: 2/2
   410 | D:1      | Reached XP level 3. HP: 12/28 MP: 3/3
   909 | D:1      | Reached skill level 1 in Invocations
  1374 | D:2      | Reached skill level 1 in Short Blades
  1374 | D:2      | Reached skill level 1 in Long Blades
  1374 | D:2      | Reached skill level 1 in Axes
  1374 | D:2      | Reached skill level 1 in Maces & Flails
  1374 | D:2      | Reached skill level 1 in Polearms
  1374 | D:2      | Reached skill level 1 in Staves
  1374 | D:2      | Reached skill level 1 in Ranged Weapons
  1374 | D:2      | Reached skill level 1 in Throwing
  1374 | D:2      | Reached skill level 1 in Shields
  1374 | D:2      | Reached skill level 1 in Unarmed Combat
  1374 | D:2      | Reached skill level 1 in Spellcasting
  1494 | D:2      | You fall into a shaft and drop 1 floor!
  1507 | D:3      | Reached XP level 4. HP: 31/34 MP: 5/5
  1526 | D:3      | Reached skill level 1 in Shapeshifting
  1884 | D:2      | Reached skill level 1 in Conjurations
  1884 | D:2      | Reached skill level 1 in Hexes
  1884 | D:2      | Reached skill level 1 in Summonings
  1884 | D:2      | Reached skill level 1 in Necromancy
  1884 | D:2      | Reached skill level 1 in Translocations
  1884 | D:2      | Reached skill level 1 in Transmutations
  1884 | D:2      | Reached skill level 1 in Fire Magic
  1884 | D:2      | Reached skill level 1 in Ice Magic
  1884 | D:2      | Reached skill level 1 in Air Magic
  1884 | D:2      | Reached skill level 1 in Earth Magic
  1884 | D:2      | Reached skill level 1 in Poison Magic
  2281 | D:3      | Noticed Grinder
  2288 | D:2      | Reached XP level 5. HP: 32/40 MP: 5/7
  2315 | D:3      | Killed Grinder
  2316 | D:3      | Reached skill level 5 in Armour
  2316 | D:3      | Reached XP level 6. HP: 32/47 MP: 7/9
  2585 | D:3      | Found a sparkling altar of Nemelex Xobeh.
  2601 | D:3      | Noticed Terence
  2606 | D:3      | Killed Terence
  3312 | D:3      | Slain by a gnoll

Illustrated notes

Levels and vault maps discovered:
D:1:      matt_arrival_grand_opening, layout_loops_corners,
          minmay_misc_feat_roman, serial_bayou_lagoon_b
D:2:      layout_loops_ring, kennysheep_cross_room, guppyfry_early_orc_mine
D:3:      layout_basic, mainiacjoe_overflow_surrounded_room, uniq_terence,
          uniq_grinder, uniq_crazy_yiuf_cottage

Skill      XL: |  1  2  3  4  5 |
---------------+----------------+-----
Invocations    | 1 2 |  2.3
Short Blades   | 1 2 |  2.1
Long Blades    | 1 2 |  2.1
Axes           | 1 2 |  2.1
Maces & Flails | 1 2 |  2.1
Polearms       | 1 2 |  2.1
Staves         | 1 2 |  2.1
Ranged Weapons | 1 2 |  2.1
Throwing       | 1 2 |  2.1
Shields        | 1 2 |  2.1
Unarmed Combat | 1 2 |  2.1
Spellcasting   | 1 2 |  2.1
Shapeshifting  | 1 |  1.9
Conjurations   | 1 |  1.7
Hexes          | 1 |  1.7
Summonings     | 1 |  1.7
Necromancy     | 1 |  1.7
Translocations | 1 |  1.7
Transmutations | 1 |  1.7
Fire Magic     | 1 |  1.7
Ice Magic      | 1 |  1.7
Air Magic      | 1 |  1.7
Earth Magic    | 1 |  1.7
Poison Magic   | 1 |  1.7
Fighting       | 3 |  3.3
Armour         | 5 |  5.0
Dodging        | 3 |  3.3
Stealth        | 3 |  3.2
Evocations     | |  6.9

Action                     |  1- 3 |  4- 6 || total
---------------------------+-------+-------++-------
  Melee: Club              |   140 |       ||   140
         Bite              |    20 |     8 ||    28
         Dagger            |    50 |    60 ||   110
         Punch             |       |     1 ||     1
         Halberd           |       |    32 ||    32
  Evoke: Wand              |       |    11 ||    11
   Stab: Sleeping          |     6 |     1 ||     7
 Armour: Leather armour    |   138 |    35 ||   173
         Ring mail         |       |    13 ||    13
         Chain mail        |       |    41 ||    41
  Dodge: Dodged            |   183 |    84 ||   267

Table legend: (Time is in decaauts)
 A = Elapsed time spent in this place.
 B = Non-inter-level travel time spent in this place.
 C = Inter-level travel time spent in this place.
 D = Time resting spent in this place.
 E = Time spent auto-exploring this place.
 F = Levels seen in this place.
 G = Mean time per level.
                   A        B        C        D        E       F      G
               +--------+--------+--------+--------+--------+-----+--------+
         Total |   3378 |   3340 |     38 |    709 |   1935 |   3 | 1126.0 |
       Dungeon |   3378 |   3340 |     38 |    709 |   1935 |   3 | 1126.0 |
               +--------+--------+--------+--------+--------+-----+--------+

Top non-repeatable levels by time:
     D:2: 1539 daAuts
     D:1: 1248 daAuts
     D:3: 591 daAuts
